AoeStats
← josiahkane

Arena

509152993Analyzed
1v1 RM · 8d ago on Sep 25, 2026· 65m 1s· 2 players
Game mode
Random Map
Map size
Tiny (2 player)
Population
200
Speed
Normal
Resources
Standard
Victory
Conquest
Starting age
Dark Age
Ending age
Imperial Age
RankedLock teamsTeams togetherTeam positionsShared explorationLock speedFull tech treeHidden civsTurbo modeCheats
Victory
Defeat
🇬🇧 Bohemians · United Kingdom
865
+15
🇮🇳 Franks · India
853
-15
sirf93anurag
11:36 Feudal Age
11:39 Loom
13:19 Loom
16:03 Castle Age
15:09 Double-Bit Axe
16:16 Gold Mining
17:26 Wheelbarrow
21:34 Stone Mining
23:51 Scale Barding Armor
24:23 Forging
25:01 Fletching
26:24 Chain Barding Armor
28:57 Iron Casting
30:19 Bodkin Arrow
35:01 Husbandry
38:59 Imperial Age
38:47 Bow Saw
39:09 Cavalier
41:04 Plate Barding Armor
41:24 Gold Shaft Mining
42:37 Hand Cart
46:36 Chemistry
48:16 Light Cavalry
josiahkane
7:15 Loom
10:37 Feudal Age
11:55 Horse Collar
12:02 Double-Bit Axe
18:41 Castle Age
20:45 Heavy Plow
22:34 Chemistry
34:10 Imperial Age
32:41 Masonry
32:28 Murder Holes
32:54 Ballistics
36:01 Padded Archer Armor
44:21 Pikeman
50:20 Halberdier
52:08 Architecture
62:27 Squires
Connection lost

Rejoining the realm…

Still unreachable

The connection could not be restored.

Session expired

The server has moved on; the page needs a fresh start.